 Dungeon Crawl Stone Soup version 0.15-b1-129-g6fffc38 (webtiles) character file.

201 JacquesDerrida the Slasher (level 5, 0/38 HPs)
             Began as a Demonspawn Wanderer on Aug 27, 2014.
             Killed from afar by an orc wizard (11 damage)
             ... with a magic dart
             ... on Level 4 of the Dungeon.
             The game lasted 00:07:01 (2112 turns).

JacquesDerrida the Slasher (Demonspawn Wanderer)    Turns: 2112, Time: 00:07:02

HP   0/38        AC 13     Str 11      XL: 5   Next: 50%
MP   5/5         EV  9     Int 15      God:
Gold 158         SH  0     Dex 11      Spells:  0 memorised,  4 levels left

rFire  . . .     SeeInvis .     b - +0 rod of destruction (8/13)
rCold  . . .     Clarity  .     c - +0 ring mail
rNeg   . . .     rCorr    .     (no shield)
rPois  .         rRot     .     (no helmet)
rElec  .         Spirit   .     z - +0 cloak
SustAb .         Warding  .     (no gloves)
rMut   .         Stasis   .     (no boots)
Gourm  +                        m - cursed amulet of the gourmand
MR     .....                    (no ring)
                                (no ring)

@: not resistant to hostile enchantments, unstealthy
A: rough black scales 2, nightstalker 1
a: no special abilities


You were on level 4 of the Dungeon.
You were not hungry.

You visited 1 branch of the dungeon, and saw 4 of its levels.

You collected 158 gold pieces.

Inventory:

Hand weapons
 a - a +2 dagger
 d - a +0 falchion
Armour
 c - a +0 ring mail (worn)
 z - a +0 cloak (worn)
Magical devices
 y - a wand of confusion (15)
Comestibles
 f - 3 bread rations
 h - 2 beef jerkies
 k - 2 slices of pizza
 t - 5 fruits
 u - a meat ration
 v - a chunk of orc flesh
 x - a chunk of rat flesh
Scrolls
 e - a scroll of immolation {unknown}
 g - a scroll of amnesia {unknown}
 i - 3 scrolls of teleportation {unknown}
 j - a scroll of enchant armour {unknown}
 l - 2 scrolls of remove curse {unknown}
 n - a scroll of blinking {unknown}
Jewellery
 m - a cursed amulet of the gourmand (around neck)
Potions
 o - a potion of agility {unknown}
 p - a potion of lignification {unknown}
 q - 2 potions of heal wounds
 r - a potion of cure mutation {unknown}
 s - 3 potions of curing {unknown}
 w - a potion of mutation {unknown}
Rods
 b - a +0 rod of destruction (8/13) (weapon)
   (You found it on level 2 of the Dungeon)


   Skills:
 - Level 2.0 Fighting
 + Level 5.3 Long Blades
   Level 1.7 Bows
 - Level 1.0 Dodging
 - Level 2.6 Stealth


You had 4 spell levels left.
You didn't know any spells.

Dungeon Overview and Level Annotations

Branches:
Dungeon (4/15)
 Temple: D:4-7

Altars:
Fedhas
Xom
Zin
The Shining One

Annotations:
D:4 Natasha


Innate Abilities, Weirdness & Mutations

You are mostly covered in rough black scales (AC +7, Dex -2).
You are slightly more attuned to the shadows.


Message History

Wield which item (- for none, * to show all)? (? for menu, Esc to quit)
b - a +0 rod of destruction (12/13) (weapon)
Aiming: Random Bolt
Press: ? - help, Shift-Dir - straight line, f - orc wizard
Aim: an orc wizard, wielding a dagger and wearing a robe (resting)
The crystal bolt misses the orc wizard.
An orc and an orc wizard come into view.
The orc wizard shouts! x2
The orc wizard points at you and mumbles some strange words.
The puff of flame hits you!
* * * LOW HITPOINT WARNING * * *
The orc wizard casts a spell.
You feel a wave of unholy energy pass over you.
The orc moves out of view.
The orc wizard mumbles some strange words.
The orc wizard flickers and vanishes!
Deactivating autopickup; reactivate with Ctrl-A.
The orc wizard points at you and mumbles some strange words.
The magic dart hits you!
You die...

########.#
.........#
#######..#
########..#####
#..............#
#.############.
#.# ## #.# . #@#
.# #.# .#### #.#
...... #.# .#
o{# ...... ...
...## #### ...#
...#


You could see an orc wizard.

Vanquished Creatures
  A worker ant (D:4)
  An orc wizard (D:4)
  3 gnolls (D:2)
  6 adders
  A giant mite (D:4)
  An ooze (D:3)
  4 orcs (D:4)
  2 ball pythons (D:2)
  6 giant cockroaches
  7 goblins
  5 hobgoblins
  3 jackals (D:2)
  2 quokkas (D:3)
  10 bats
  2 giant newts
  7 kobolds
  An orc skeleton (D:4)
  8 rats
  A rat skeleton (D:4)
71 creatures vanquished.

Notes
Turn   | Place    | Note
--------------------------------------------------------------
     0 | D:1      | JacquesDerrida, the Demonspawn Wanderer, began the quest for the Orb.
     0 | D:1      | Reached XP level 1. HP: 16/16 MP: 1/1
   467 | D:1      | Gained mutation: You are slightly more attuned to the shadows. [demonic ancestry]
   467 | D:1      | Reached XP level 2. HP: 17/22 MP: 2/2
   704 | D:2      | Reached skill level 3 in Long Blades
   720 | D:2      | Found a glowing silver altar of Zin.
   724 | D:2      | Found a shimmering altar of Xom.
   727 | D:2      | Found a blossoming altar of Fedhas.
   740 | D:2      | Identified a +0 rod of destruction (13/13) (You found it on level 2 of the Dungeon)
   748 | D:2      | Gained mutation: You are partially covered in rough black scales (AC +4, Dex -1). [demonic ancestry]
   748 | D:2      | Reached XP level 3. HP: 12/27 MP: 3/3
   905 | D:2      | Gained mutation: You are mostly covered in rough black scales (AC +7, Dex -2). [demonic ancestry]
   905 | D:2      | Reached XP level 4. HP: 17/33 MP: 4/4
   966 | D:2      | Reached skill level 4 in Long Blades
  1556 | D:3      | Found a glowing golden altar of the Shining One.
  1796 | D:4      | Noticed Natasha
  1942 | D:4      | Reached XP level 5. HP: 34/38 MP: 5/5
  1956 | D:4      | Reached skill level 5 in Long Blades
  2112 | D:4      | Killed from afar by an orc wizard

Action                   |  1- 3 |  4- 6 || total
-------------------------+-------+-------++-------
Melee: Dagger            |    79 |       ||    79
       Falchion          |    16 |   184 ||   200
Evoke: Rod               |     3 |     3 ||     6
       Wand              |       |     1 ||     1
  Use: Potion            |     2 |       ||     2
 Stab: Sleeping          |     2 |     3 ||     5
  Eat: Chunk             |     1 |     5 ||     6
